AoeStats
← jphilkill

MegaRandom

509836034Analyzed
4v4 RM · 3d ago on Sep 28, 2026· 14m 23s· 8 players
Game mode
Random Map
Map size
Large (8 player)
Population
200
Speed
Normal
Resources
Standard
Victory
Conquest
Starting age
Dark Age
Ending age
Imperial Age
RankedLock teamsTeams togetherTeam positionsShared explorationLock speedFull tech treeHidden civsTurbo modeCheats
Victory
Defeat
🇳🇿 Varangians · New Zealand
1130
+12
🇺🇸 Magyars · United States
1101
+14
🇳🇿 Persians · New Zealand
1061
+15
🇩🇪 Huns · Germany
898
+23
🇨🇳 Celts · China
1086
-18
🇹🇼 Khmer · Taiwan
1064
-17
🇺🇸 Britons · United States
1012
-15
🇪🇸 Khmer · Spain
1007
-14
FinRahZel
1:37 Loom
Imyourextasy
11:13 Feudal Age
jordan.armstrong
2:27 Loom
10:34 Feudal Age
11:13 Double-Bit Axe
11:12 Horse Collar
jphilkill
1:19 Loom
13:17 Feudal Age
FallAutumn7731
bella98120
雙手劍兵
3:40 Loom
Will Troll If Not Arena
0:30 Loom
Connection lost

Rejoining the realm…

Still unreachable

The connection could not be restored.

Session expired

The server has moved on; the page needs a fresh start.